 Dungeon Crawl Stone Soup version 0.28-a0-863-g8cecda6153 (webtiles) character file.

Game seed: 9905647655496440947

36449 ytrimaz the Blocker (level 13, -17/139 HPs)
             Began as an Ogre Berserker on Nov 16, 2021.
             Was an Elder of Trog.
             Demolished by a two-headed ogre (19 damage)
             ... on level 14 of the Dungeon.
             The game lasted 00:27:07 (13281 turns).

ytrimaz the Blocker (Ogre Berserker)               Turns: 13281, Time: 00:27:07

Health: -17/139    AC:  8    Str: 35    XL:     13   Next: 90%
Magic:  13/13      EV: 15    Int:  6    God:    Trog [****..]
Gold:   184        SH: 25    Dex: 10    Spells: 12/12 levels left

rFire   . . .      SeeInvis .   y - +4 eveningstar (holy)
rCold   . . .      Faith    .   a - +8 tower shield of Vyifutaz {Dex+2}
rNeg    + . .      Spirit   .   m - +2 troll leather armour {Snorg}
rPois   .          Reflect  .   (helmet restricted)
rElec   .          Harm     .   j - +0 cloak
rCorr   .          Rampage  .   (gloves unavailable)
Will    ++++.                   (boots unavailable)
Stlth   +.........              k - amulet of regeneration
HPRegen 3.33/turn               M - ring of Wigrie {rN+ Will+ Str+7 Int-2}
MPRegen 0.13/turn               b - +4 ring of evasion

@: strong-willed, on berserk cooldown, regenerating, slowed, very slow
A: large, unfitting armour, tough skin 1
a: Renounce Religion, Berserk, Trog's Hand, Brothers in Arms


You were on level 14 of the Dungeon.
You worshipped Trog.
Trog was greatly pleased with you.
You visited 3 branches of the dungeon, and saw 17 of its levels.

You collected 791 gold pieces.
You spent 607 gold pieces at shops.

Inventory:

Hand Weapons
 i - a +0 vorpal flail
 y - a +4 eveningstar of holy wrath (weapon)
 F - a +0 giant spiked club
Missiles
 f - a throwing net (quivered)
 I - 31 poisoned darts
 O - 3 javelins
Armour
 a - the +8 tower shield of Vyifutaz (worn) {Dex+2}
   (You acquired it on level 4 of the Dungeon)

   Dex:       It affects your dexterity (+2).
 j - a +0 cloak (worn)
 m - a +2 troll leather armour (worn) {Snorg}
 K - +0 acid dragon scales
Jewellery
 b - a +4 ring of evasion (right hand)
 k - an amulet of regeneration (around neck)
 r - a ring of protection from cold
 u - an amulet of magic regeneration
 B - a ring of protection from cold
 E - an amulet of guardian spirit
 G - a ring of fire
 L - a ring of protection from cold
 M - the ring of Wigrie (left hand) {rN+ Will+ Str+7 Int-2}
   (You bought it in a shop on level 10 of the Dungeon)

   [ring of willpower]

   Str:       It affects your strength (+7).
   Int:       It affects your intelligence (-2).
   rN:        It protects you from negative energy.
   Will:      It increases your willpower.
Wands
 q - a wand of flame (51)
 w - a wand of iceblast (19)
 x - a wand of digging (8)
 H - a wand of polymorph (7)
 P - a wand of paralysis (8)
Scrolls
 d - a scroll of vulnerability
 n - 3 scrolls of magic mapping
 v - 4 scrolls of teleportation
 C - a scroll of silence
 D - 6 scrolls of identify
 N - a scroll of holy word {unknown}
Potions
 c - a potion of cancellation
 e - 5 potions of curing
 g - a potion of might {unknown}
 h - 3 potions of mutation {unknown}
 l - 2 potions of brilliance {unknown}
 o - 2 potions of heal wounds {unknown}
 p - 2 potions of haste
 s - a potion of attraction {unknown}
 t - a potion of ambrosia {unknown}
 z - 3 potions of flight
 A - 4 potions of degeneration {unknown}
 J - a potion of invisibility {unknown}


   Skills:
 + Level 11.9 Fighting
 + Level 12.4 Maces & Flails
 + Level 8.2 Dodging
 * Level 14.3 Shields


You had 12 spell levels left.
You didn't know any spells.
Your spell library was empty.

Dungeon Overview and Level Annotations

Branches:
Dungeon (15/15)            Temple (1/1) D:4            Lair (1/6) D:9
    Orc (0/2) D:10         Vaults (0/5) D:13         Depths (0/4) D:15

Altars:
Ashenzari
Nemelex Xobeh
Sif Muna
Xom
Yredelemnul

Shops:
D:4 *   D:10 [?==

Portals:
Trove: D:14 (lose all piety)

Annotations:
D:14 4 runed translucent doors


Innate Abilities, Weirdness & Mutations

You are too large for most types of armour.
You have tough skin. (AC +1)


Message History

You block the two-headed ogre's attack. x2
You bludgeon the two-headed ogre!!
The two-headed ogre is almost dead.
Unknown command.
You sock the two-headed ogre!
You kill the two-headed ogre!
Trog accepts your kill. The two-headed ogre closely misses you.
You block the two-headed ogre's attack.
Unknown command.
You bludgeon the two-headed ogre!!
The two-headed ogre is heavily wounded.
You block the two-headed ogre's attack. x2
Unknown command.
You barely miss the two-headed ogre.
The two-headed ogre is heavily wounded.
You sock the two-headed ogre!
The two-headed ogre is almost dead.
You block the two-headed ogre's attack. x2
The two-headed ogre hits you with a +0 giant club!!
* * * LOW HITPOINT WARNING * * *
You block the two-headed ogre's attack.
Unknown command.
You puncture the two-headed ogre!
The two-headed ogre is almost dead.
You bludgeon the two-headed ogre!!
You kill the two-headed ogre!
Trog accepts your kill.
You block the two-headed ogre's attack. x2
Unknown command.
You bludgeon the two-headed ogre!!
The two-headed ogre is heavily wounded.
You puncture the two-headed ogre!
The two-headed ogre is severely wounded.
You are no longer berserk.
You are exhausted.
You feel yourself slow down.
The two-headed ogre hits you with a +0 giant club!
* * * LOW HITPOINT WARNING * * *
The two-headed ogre hits you with a +0 giant spiked club!!
You die...

.........................##..##'#
..^.................#....#...#≈)≈
....##.............##..###...#...
..####...................#...#≈.≈
..## #.......................##'#
#..######....................#...
......###(...................#.∩.
.....(.#.......O.##<.........#...
...............)@)...........####
..........##>...)).#......#..#
..........##......#####..##.##
.....(....#...#...........###
..........##.####.......###
..........#..#####.....##
...............###....##
......##......###......#
......##.......###....##


You could see a two-headed ogre.

Vanquished Creatures
  Rupert (D:13)
  A juggernaut skeleton (D:15)
  Snorg (D:10)
  A vault guard (D:14)
  3 hydras
  5 centaur warriors
  A catoblepas (D:13)
  7 two-headed ogres
  A skeletal warrior (D:15)
  3 necromancers
  A phantasmal warrior (D:15)
  A tengu zombie (D:15)
  A harpy (shapeshifter) (D:13)
  A deep elf pyromancer (D:15)
  3 cyclopes
  A stone giant zombie (D:15)
  A frost giant zombie (D:15)
  2 manticores
  3 centaur zombies
  2 gargoyles
  4 yaktaurs (D:15)
  3 komodo dragons
  An efreet (D:14)
  A kobold demonologist (D:12)
  A guardian mummy (D:15)
  2 tengu conjurers
  5 trolls
  3 meliai (D:14)
  A hornet (shapeshifter) (D:15)
  4 slime creatures (D:12)
  A centaur simulacrum (D:14)
  3 shadows
  4 wraiths
  15 yaks
  5 steam dragons
  2 basilisks
  3 wyverns (D:9)
  8 vampire mosquitoes
  2 acid dragons (D:12)
  3 orc warriors
  An ice beast (D:5)
  A black bear (D:5)
  A sky beast (D:6)
  2 ogres (D:5)
  13 centaurs
  2 phantoms
  A kobold brigand (D:8)
  2 gnoll sergeants
  6 bullfrogs
  6 scorpions
  A wyvern zombie (D:6)
  A wyvern skeleton (D:6)
  6 killer bees (D:7)
  3 wights (D:8)
  A howler monkey (D:12)
  3 bullfrog zombies
  A hound (D:5)
  2 centaur skeletons (D:6)
  2 gnoll shamans
  7 orc priests
  3 jellies
  3 bullfrog skeletons
  An iguana (D:5)
  6 orc wizards
  A howler monkey skeleton (D:6)
  A river rat (shapeshifter) (D:14)
  7 adders
  13 gnolls
  A white imp (D:5)
  An ufetubus (D:6)
  5 worms
  5 dart slugs
  35 orcs
  9 endoplasms
  2 giant cockroaches (D:4)
  6 goblins
  9 hobgoblins
  4 quokkas
  11 ball pythons
  6 bats
  2 frilled lizards
  10 kobolds
  5 rats
319 creatures vanquished.

Vanquished Creatures (others)
  A wizard (D:13)
  2 orcs (D:8)
  3 withered plants (D:15)
6 creatures vanquished.

Grand Total: 325 creatures vanquished

Notes
Turn   | Place    | Note
-------+----------+-------------------------------------------
     0 | D:1      | ytrimaz the Ogre Berserker began the quest for the Orb.
     0 | D:1      | Reached XP level 1. HP: 24/24 MP: 1/1
   445 | D:1      | Found a faded altar of an unknown god.
   478 | D:1      | Reached XP level 2. HP: 32/32 MP: 2/2
   790 | D:2      | Noticed a phantom
   811 | D:2      | Killed a phantom
   812 | D:2      | Reached skill level 5 in Fighting
   812 | D:2      | Reached XP level 3. HP: 6/42 MP: 3/3
   812 | D:2      | Reached XP level 4. HP: 7/50 MP: 4/4
   817 | D:2      | You are sucked into a shaft and drop 1 floor!
  1367 | D:3      | Noticed a scorpion
  1376 | D:3      | Killed a scorpion
  1377 | D:3      | Reached XP level 5. HP: 57/57 MP: 5/5
  2211 | D:2      | Reached ** piety under Trog
  2966 | D:3      | Found a basalt altar of Yredelemnul.
  3283 | D:3      | Found a broken altar of Ashenzari.
  3345 | D:4      | Identified a scroll of acquirement
  3346 | D:4      | Acquired the +8 tower shield of Vyifutaz {Dex+2}
  3498 | D:4      | Noticed a phantom
  3508 | D:4      | Killed a phantom
  3509 | D:4      | Reached XP level 6. HP: 67/67 MP: 6/6
  3571 | D:4      | Found a staircase to the Ecumenical Temple.
  3599 | Temple   | Entered the Ecumenical Temple
  3838 | Temple   | Reached skill level 1 in Shields
  3860 | D:4      | Reached skill level 5 in Maces & Flails
  3906 | D:4      | Reached XP level 7. HP: 74/75 MP: 7/7
  4076 | D:4      | Found Ogoissuc's Elemental Accessories.
  4128 | D:4      | Reached skill level 2 in Shields
  4413 | D:5      | Entered Level 5 of the Dungeon
  4555 | D:5      | Reached *** piety under Trog
  4653 | D:5      | Reached skill level 3 in Shields
  4857 | D:5      | Reached XP level 8. HP: 46/84 MP: 8/8
  4866 | D:5      | Reached skill level 4 in Shields
  5534 | D:6      | Reached XP level 9. HP: 78/93 MP: 9/9
  5577 | D:6      | Reached skill level 5 in Shields
  5706 | D:6      | Reached skill level 5 in Dodging
  5922 | D:6      | HP: 5/141 [orc wizard/magic dart (6)]
  5925 | D:6      | HP: 2/141 [orc wizard/magic dart (8)]
  6037 | D:6      | Found the +3 pair of seven-league boots {Rampage+∞}
  6314 | D:5      | Acquired a +2 eveningstar of holy wrath
  6542 | D:7      | Reached skill level 6 in Shields
  6543 | D:7      | Found a shimmering blue altar of Sif Muna.
  7273 | D:8      | Reached **** piety under Trog
  7309 | D:8      | You fall into a shaft and drop 2 floors!
  7309 | D:10     | Entered Level 10 of the Dungeon
  7312 | D:10     | Noticed a two-headed ogre
  7320 | D:10     | Noticed a tengu conjurer
  7323 | D:10     | Killed a two-headed ogre
  7324 | D:10     | Reached skill level 7 in Shields
  7324 | D:10     | Reached XP level 10. HP: 105/105 MP: 10/10
  7468 | D:10     | Noticed a two-headed ogre
  7473 | D:10     | Killed a two-headed ogre
  7503 | D:10     | Identified the +9 plate armour of Luannexa {rN+ Dex+2}
  7517 | D:10     | Noticed Snorg
  7529 | D:10     | Killed Snorg
  7530 | D:10     | Reached skill level 8 in Shields
  7552 | D:10     | Found Zeing's Magic Scroll Boutique.
  7553 | D:10     | Found Xoaceqoe's Jewellery Emporium.
  7684 | D:10     | Found Zeschat's Antique Armour Shoppe.
  7822 | D:9      | Reached XP level 11. HP: 70/115 MP: 11/11
  7828 | D:9      | Reached skill level 9 in Shields
  8316 | D:9      | Identified the +1 leather armour of the Tarantula {rF+
                  | Dex+4}
  8346 | D:9      | Reached skill level 10 in Maces & Flails
  9165 | D:9      | Found a staircase to the Lair.
  9387 | D:10     | Found Nereomut's Jewellery Emporium.
  9451 | D:10     | Found a staircase to the Orcish Mines.
  9497 | D:10     | Noticed a two-headed ogre
  9497 | D:10     | Noticed a two-headed ogre
  9509 | D:10     | Killed a two-headed ogre
  9515 | D:10     | Killed a two-headed ogre
  9516 | D:10     | Reached skill level 10 in Shields
  9844 | Lair:1   | Entered Level 1 of the Lair of Beasts
 10102 | D:11     | Noticed a manticore
 10108 | D:11     | Killed a manticore
 10341 | D:11     | Reached skill level 10 in Fighting
 10613 | D:12     | Reached XP level 12. HP: 126/126 MP: 12/12
 10659 | D:12     | Noticed a seven-headed hydra
 10668 | D:12     | Killed a seven-headed hydra
 10669 | D:12     | Reached skill level 11 in Shields
 10861 | D:12     | Found a sparkling altar of Nemelex Xobeh.
 10922 | D:12     | Identified the +4 scale mail of Duty {rPois Dex+2 SInv}
 11252 | D:12     | Reached ***** piety under Trog
 11382 | D:10     | Bought the ring of Wigrie {rN+ Will+ Str+7 Int-2} for 607
                  | gold pieces
 11486 | D:13     | Noticed a centaur warrior
 11494 | D:13     | Killed a centaur warrior
 11525 | D:13     | Reached skill level 12 in Shields
 11598 | D:13     | Noticed a four-headed hydra
 11603 | D:13     | Killed a four-headed hydra
 11610 | D:13     | Noticed a centaur warrior
 11617 | D:13     | Killed a centaur warrior
 11618 | D:13     | Noticed Rupert
 11636 | D:13     | Killed Rupert
 11637 | D:13     | Reached XP level 13. HP: 137/137 MP: 13/13
 11743 | D:13     | Found a shimmering altar of Xom.
 11998 | D:13     | Found a gate to the Vaults.
 12167 | D:13     | Reached skill level 13 in Shields
 12392 | D:14     | Found a huge runed translucent gate.
 12392 | D:14     | Found a huge runed translucent gate.
 12392 | D:14     | Found a huge runed translucent gate.
 12392 | D:14     | Found a huge runed translucent gate.
 12735 | D:14     | Identified the +0 pair of gloves of Limitation {Int+2}
 12795 | D:14     | Noticed a vault guard
 12805 | D:14     | Killed a vault guard
 12852 | D:14     | Found a portal to a secret trove of treasure.
 12879 | D:15     | Entered Level 15 of the Dungeon
 12898 | D:15     | Found a staircase to the Depths.
 12971 | D:15     | Reached skill level 14 in Shields
 13281 | D:14     | HP: 2/139 [two-headed ogre (15)]
 13281 | D:14     | Demolished by a two-headed ogre

Illustrated notes

Levels and vault maps discovered:
D:1:      lemuel_arrival_lava_pool, layout_basic,
          dreamdust_ecumenical_altar_hidden_monk_grotto
D:2:      layout_basic, minmay_hexomino_c4
D:3:      minmay_spotlight, layout_basic, ashenzari_altar_1,
          mainiacjoe_overflow_alcove_1
D:4:      layout_gridville, minmay_temple_entry_enclosed_plants,
          hangedman_decor_riveting, nicolae_elemental_shop, hex_tiny
D:5:      minmay_opposing_rooms, layout_loops_corners, dk_vineyard_3,
          minmay_statues_item, item_on_display_b
D:6:      layout_cave_pools
D:7:      layout_basic, mainiacjoe_overflow_chevrons
D:8:      layout_rooms
D:9:      layout_gridville, erik_lair_dragon
D:10:     layout_rooms, orc_0_dummy, serial_shops, shop, nicolae_stop_n_shop_1,
          nicolae_shop_stone, nicolae_stop_n_shop_2, minmay_quadrilaterals,
          uniq_snorg
D:11:     layout_gridville
D:12:     layout_roguey, nemelex_xobeh_ov_fountains_minmay
D:13:     layout_loops_cross, david_vaults_1, xom_teletrap_fun, uniq_rupert
D:14:     lemuel_bear_cage, layout_cave_pools, enter_trove_5,
          nicolae_concentric_dashed_squares_mild
D:15:     gammafunk_depths_entry_grave, layout_rooms, kiku_gazebo_pond_becter
Temple:   mainiacjoe_temple_bowtie_tessellation
Lair:1:   layout_misc_corridors, small_statue_intersection

Skill      XL: |  1  2  3  4  5  6  7  8  9 10 11 12 13 |
---------------+----------------------------------------+-----
Maces & Flails | 3 4 5 7 8 9 10 11 12 | 12.4
Fighting       | 5 6 7 8 9 10 11 | 11.9
Dodging        | 3 4 5 6 7 8 |  8.2
Shields        | 1 3 4 7 8 10 12 14 | 14.3

Action                   |  1- 3 |  4- 6 |  7- 9 | 10-12 | 13-15 || total
-------------------------+-------+-------+-------+-------+-------++-------
Melee: Mace              |    41 |    97 |       |       |       ||   138
       Flail             |       |    97 |    76 |       |       ||   173
       Giant club        |       |       |   167 |       |       ||   167
       Eveningstar       |       |       |   118 |   429 |   178 ||   725
Throw: Throwing net      |       |       |       |     2 |       ||     2
Invok: Berserk           |     1 |     4 |     7 |     5 |     5 ||    22
       Trog's Hand       |       |       |     4 |     5 |     4 ||    13
Evoke: Wand              |       |       |     1 |       |       ||     1
  Use: Potion            |       |     2 |     4 |       |     1 ||     7
       Scroll            |       |     7 |     9 |     2 |     1 ||    19
 Stab: Held in net/web   |       |       |       |     1 |       ||     1
Armor: Animal skin       |    18 |    63 |   108 |     5 |       ||   194
       Skin              |       |       |    28 |       |       ||    28
       Troll leather arm |       |       |       |    60 |   118 ||   178
Dodge: Dodged            |    23 |   105 |   169 |   128 |   186 ||   611
Block: Tower shield      |       |    54 |   256 |   621 |   412 ||  1343

Table legend: (Time is in decaauts)
 A = Elapsed time spent in this place.
 B = Non-inter-level travel time spent in this place.
 C = Inter-level travel time spent in this place.
 D = Time resting spent in this place.
 E = Time spent auto-exploring this place.
 F = Levels seen in this place.
 G = Mean time per level.
                   A        B        C        D        E       F      G
               +--------+--------+--------+--------+--------+-----+--------+
         Total |  13681 |  12918 |    763 |   2049 |   7830 |  17 |  804.8 |
       Dungeon |  13434 |  12671 |    763 |   1834 |   7830 |  15 |  895.6 |
        Temple |    245 |    245 |      0 |    215 |      0 |   1 |  245.0 |
          Lair |      1 |      1 |      0 |      0 |      0 |   1 |    1.0 |
               +--------+--------+--------+--------+--------+-----+--------+

Top non-repeatable levels by time:
     D:2: 1409 daAuts
     D:9: 1310 daAuts
     D:3: 1245 daAuts
     D:5: 1126 daAuts
     D:7: 945 daAuts
    D:10: 930 daAuts
     D:6: 891 daAuts
     D:4: 866 daAuts
    D:12: 803 daAuts
     D:1: 790 daAuts
    D:14: 757 daAuts
    D:13: 745 daAuts
    D:11: 733 daAuts
     D:8: 543 daAuts
    D:15: 336 daAuts
